Map: World of Sleepers LE

Players

Mez

  • Race: Terran Terran
  • League: Master
  • Spawn Location: 7:00

Guffi - Winner!

  • Race: Terran Terran
  • League: Master
  • Spawn Location: 1:00

VOD

Have the link to the VOD?

Description

Time

  • Played on: Aug. 25, 2019, 2:29 p.m.
  • Length: 3:10
Show
View Real Time Build Order
Export as new Build Order

Mez Terran 

Build Orders: Gas First Reaper Expand 

Get SALT Encoding   

  12  0:01  SCV  
  13  0:13  SCV  
  14  0:16  Supply Depot  
  14  0:25  SCV  
  14  0:27  Refinery  
  15  0:38  SCV  
  16  0:45  Barracks  
  16  0:51  SCV  
  17  1:03  SCV  
  18  1:17  SCV  
  19  1:34  Orbital Command, Reaper  
  20  1:45  Command Center  
  20  1:56  Factory  
  20  2:00  SCV  
  21  2:06  Barracks Reactor  
  21  2:13  Supply Depot  
  21  2:15  SCV  
  22  2:19  Refinery  
  21  2:28  SCV  
  20  2:42  Hellion  
  21  2:46  Marine x2  
Show
View Real Time Build Order
Export as new Build Order

Guffi Terran - Winner!

Build Orders:  

Get SALT Encoding   

  12  0:01  SCV  
  13  0:13  SCV  
  14  0:17  Supply Depot  
  14  0:25  SCV  
  15  0:39  Barracks  
  15  0:43  Refinery  
  15  0:56  Barracks  
  15  1:11  Barracks  
  15  1:19  Refinery  
  15  1:26  Reaper  
  15  1:31  SCV  
  17  1:44  Reaper  
  19  1:47  SCV  
  19  1:58  Reaper  
  20  2:07  Reaper  
  20  2:17  Reaper  
  20  2:19  Supply Depot  
  21  2:30  Reaper  
  24  2:52  SCV  
Tags
 
Add a new tag
Caveats
  • Supply blocks, unpowered buildings, or Contaminate may cause inaccurate times.
  • Supply counts are checked every 10 seconds.